TOP OF THE 1ST |
Memphis Redbirds batting - Pitching for Lehigh Valley IronPigs : LHP Phuck II
|
Pitching: LHP Phuck II
|
|
Batting: SHB Luke Robbins
|
0-0: Called Strike 0-1: Ball 1-1: Ball 2-1: Called Strike 2-2: Hit by Pitch
|
Batting: RHB Trevor Mock
|
0-0: Ball 1-0: Ball 2-0: Foul Ball, location: 2F 2-1: Ball 3-1: Foul Ball, location: 2F 3-2: Strikes out looking
|
Batting: RHB Danny Gallo
|
0-0: Called Strike 0-1: Called Strike 0-2: Strikes out swinging
|
Batting: LHB Billy Guzman
|
0-0: Called Strike 0-1: SINGLE (Line Drive, 56D, EV 98.8 MPH) Luke Robbins to second
|
Batting: RHB Dave Cluster
|
0-0: Ball 1-0: Ball 2-0: Ball 3-0: Called Strike 3-1: Called Strike 3-2: Strikes out looking
|
Top of the 1st over - 0 runs, 1 hit, 0 errors, 2 left on base; Memphis 0 - Lehigh Valley 0 |
BOTTOM OF THE 1ST |
Lehigh Valley IronPigs batting - Pitching for Memphis Redbirds : RHP Josh Ambrose
|
Pitching: RHP Josh Ambrose
|
|
Batting: RHB Joe Smack
|
0-0: Called Strike 0-1: Ball 1-1: Ball 2-1: Called Strike 2-2: Foul Ball, location: 2F 2-2: Strikes out looking
|
Batting: RHB Alberto Ramirez
|
0-0: Ground out 6-3 (Groundball, 6, EV 82.5 MPH)
|
Batting: RHB Quintin Parker
|
0-0: Called Strike 0-1: Ball 1-1: Foul Ball, location: 2F 1-2: SINGLE (Line Drive, 4D, EV 94.4 MPH)
|
Batting: RHB Jesus Galvan
|
0-0: Ball 1-0: Called Strike 1-1: Swinging Strike 1-2: Foul Ball, location: 2F 1-2: Strikes out looking
|
Bottom of the 1st over - 0 runs, 1 hit, 0 errors, 1 left on base; Memphis 0 - Lehigh Valley 0 |
TOP OF THE 2ND |
Memphis Redbirds batting - Pitching for Lehigh Valley IronPigs : LHP Phuck II
|
Batting: LHB Ronnie Ashley
|
0-0: Fly out, F6 (Line Drive, 6, EV 71.2 MPH)
|
Batting: LHB Frank Hill
|
0-0: Called Strike 0-1: Ball 1-1: Ball 2-1: Ball 3-1: Base on Balls
|
Batting: LHB Johan de Vries
|
0-0: Called Strike 0-1: Fly out, F7 (Flyball, 7S, EV 91.2 MPH)
|
Batting: RHB Dan Boykins
|
0-0: Ball 1-0: Ball 2-0: Ball Wild Pitch! Frank Hill to second 3-0: Called Strike 3-1: Swinging Strike 3-2: Strikes out swinging
|
Top of the 2nd over - 0 runs, 0 hits, 0 errors, 1 left on base; Memphis 0 - Lehigh Valley 0 |
BOTTOM OF THE 2ND |
Lehigh Valley IronPigs batting - Pitching for Memphis Redbirds : RHP Josh Ambrose
|
Batting: LHB Jose Carlos
|
0-0: Foul Ball, location: 2F 0-1: Called Strike 0-2: Ball 1-2: Ball 2-2: Foul Ball, location: 2F 2-2: Strikes out looking
|
Batting: RHB Alan Weller
|
0-0: Called Strike 0-1: Swinging Strike 0-2: Strikes out looking
|
Batting: RHB Moritake Fukumoto
|
0-0: Foul Ball, location: 2F 0-1: Ground out 5-3 (Groundball, 5L, EV 104.4 MPH)
|
Bottom of the 2nd over - 0 runs, 0 hits, 0 errors, 0 left on base; Memphis 0 - Lehigh Valley 0 |
TOP OF THE 3RD |
Memphis Redbirds batting - Pitching for Lehigh Valley IronPigs : LHP Phuck II
|
Batting: SHB Luke Robbins
|
0-0: Ball 1-0: Fly out, F8 (Flyball, 89M, EV 81.2 MPH)
|
Batting: RHB Trevor Mock
|
0-0: Ball 1-0: Fly out, F7 (Flyball, 7, EV 95.6 MPH)
|
Batting: RHB Danny Gallo
|
0-0: Ball 1-0: Foul Ball, location: 2F 1-1: Ball 2-1: Foul Ball, location: 2F 2-2: Foul Ball, location: 2F 2-2: Fly out, F8 (Flyball, 8LXD, EV 96.2 MPH)
|
Top of the 3rd over - 0 runs, 0 hits, 0 errors, 0 left on base; Memphis 0 - Lehigh Valley 0 |
BOTTOM OF THE 3RD |
Lehigh Valley IronPigs batting - Pitching for Memphis Redbirds : RHP Josh Ambrose
|
Batting: SHB Benjamin Brown
|
0-0: Foul Ball, location: 2F 0-1: Ball 1-1: Ball 2-1: Ball 3-1: SINGLE (Groundball, 34D, EV 109.4 MPH)
|
Batting: SHB Bob Dixon
|
0-0: Called Strike Benjamin Brown is caught stealing 2nd base 2-6 0-1: Swinging Strike 0-2: Strikes out swinging
|
Batting: RHB Joe Smack
|
0-0: Called Strike 0-1: Ball 1-1: Foul Ball, location: 2F 1-2: Foul Ball, location: 2F 1-2: Foul Ball, location: 2F 1-2: SINGLE (Line Drive, 5D, EV 102.5 MPH)
|
Batting: RHB Alberto Ramirez
|
0-0: Called Strike 0-1: Fielders Choice at 2nd, U4 (Groundball, 4M, EV 107.5 MPH)
|
Bottom of the 3rd over - 0 runs, 2 hits, 0 errors, 1 left on base; Memphis 0 - Lehigh Valley 0 |
TOP OF THE 4TH |
Memphis Redbirds batting - Pitching for Lehigh Valley IronPigs : LHP Phuck II
|
Batting: LHB Billy Guzman
|
0-0: Called Strike 0-1: DOUBLE (Flyball, 8RXD, EV 99.4 MPH)
|
Batting: RHB Dave Cluster
|
0-0: Called Strike 0-1: Ball 1-1: Ball 2-1: Ball 3-1: Called Strike 3-2: SINGLE (Line Drive, 7S, EV 89.4 MPH) Billy Guzman to third
|
Batting: LHB Ronnie Ashley
|
0-0: Called Strike 0-1: Called Strike 0-2: Foul Ball, location: 2F 0-2: Strikes out swinging
|
Batting: LHB Frank Hill
|
0-0: Foul Ball, location: 2F 0-1: Called Strike 0-2: Strikes out swinging
|
Batting: LHB Johan de Vries
|
0-0: Ball 1-0: Fly out, F8 (Flyball, 8RM, EV 95.6 MPH)
|
Top of the 4th over - 0 runs, 2 hits, 0 errors, 2 left on base; Memphis 0 - Lehigh Valley 0 |
BOTTOM OF THE 4TH |
Lehigh Valley IronPigs batting - Pitching for Memphis Redbirds : RHP Josh Ambrose
|
Batting: RHB Quintin Parker
|
0-0: Ball 1-0: Called Strike 1-1: Ball 2-1: Ball 3-1: Base on Balls
|
Batting: RHB Jesus Galvan
|
0-0: Swinging Strike 0-1: Ball Quintin Parker is caught stealing 2nd base 2-4 1-1: Swinging Strike 1-2: Ball 2-2: Foul Ball, location: 2F 2-2: Foul Ball, location: 2F 2-2: Strikes out looking
|
Batting: LHB Jose Carlos
|
0-0: Foul Ball, location: 2F 0-1: Ball 1-1: Ball 2-1: Foul Ball, location: 2F 2-2: Ball 3-2: Strikes out swinging
|
Bottom of the 4th over - 0 runs, 0 hits, 0 errors, 0 left on base; Memphis 0 - Lehigh Valley 0 |
TOP OF THE 5TH |
Memphis Redbirds batting - Pitching for Lehigh Valley IronPigs : LHP Phuck II
|
Batting: RHB Dan Boykins
|
0-0: Called Strike 0-1: Ball 1-1: Swinging Strike 1-2: Strikes out swinging
|
Batting: SHB Luke Robbins
|
0-0: Ball 1-0: Foul Ball, location: 2F 1-1: Ball 2-1: Foul Ball, location: 2F 2-2: Fly out, F9 (Flyball, 89M, EV 97.5 MPH)
|
Batting: RHB Trevor Mock
|
0-0: SINGLE (Line Drive, 4MD, EV 98.8 MPH)
|
Batting: RHB Danny Gallo
|
0-0: Fly out, F9 (Flyball, 9, EV 97.5 MPH)
|
Top of the 5th over - 0 runs, 1 hit, 0 errors, 1 left on base; Memphis 0 - Lehigh Valley 0 |
BOTTOM OF THE 5TH |
Lehigh Valley IronPigs batting - Pitching for Memphis Redbirds : RHP Josh Ambrose
|
Batting: RHB Alan Weller
|
0-0: Called Strike 0-1: Ball 1-1: Ball 2-1: Ball 3-1: Foul Ball, location: 2F 3-2: Strikes out swinging
|
Batting: RHB Moritake Fukumoto
|
0-0: SINGLE (Groundball, 56S, EV 70.0 MPH) (infield hit)
|
Batting: SHB Benjamin Brown
|
0-0: Called Strike 0-1: Ball 1-1: Ball 2-1: Foul Ball, location: 2F 2-2: SINGLE (Groundball, 13S, EV 68.8 MPH) (infield hit) Moritake Fukumoto to second
|
Batting: SHB Bob Dixon
|
0-0: Called Strike 0-1: Called Strike 0-2: Ball 1-2: Strikes out swinging
|
Batting: RHB Joe Smack
|
0-0: Ball 1-0: SINGLE (Groundball, 4M, EV 103.8 MPH) (infield hit) Moritake Fukumoto to third Benjamin Brown to second
|
Batting: RHB Alberto Ramirez
|
0-0: Called Strike 0-1: Swinging Strike 0-2: Ball 1-2: Foul Ball, location: 2F 1-2: Ball 2-2: Ball 3-2: Ground out 4-3 (Groundball, 4, EV 80.6 MPH)
|
Bottom of the 5th over - 0 runs, 3 hits, 0 errors, 3 left on base; Memphis 0 - Lehigh Valley 0 |
TOP OF THE 6TH |
Memphis Redbirds batting - Pitching for Lehigh Valley IronPigs : LHP Phuck II
|
Batting: LHB Billy Guzman
|
0-0: Foul Ball, location: 2F 0-1: Ball 1-1: Swinging Strike 1-2: Ball 2-2: Ball 3-2: Fly out, F7 (Flyball, 7, EV 84.4 MPH)
|
Batting: RHB Dave Cluster
|
0-0: Ground out 5-3 (Groundball, 5L, EV 81.9 MPH)
|
Batting: LHB Ronnie Ashley
|
0-0: Ball 1-0: Ball 2-0: Called Strike 2-1: Ball 3-1: Base on Balls
|
Batting: LHB Frank Hill
|
0-0: Ball 1-0: Ball 2-0: Ground out U3 (Groundball, 34, EV 79.4 MPH)
|
Top of the 6th over - 0 runs, 0 hits, 0 errors, 1 left on base; Memphis 0 - Lehigh Valley 0 |
BOTTOM OF THE 6TH |
Lehigh Valley IronPigs batting - Pitching for Memphis Redbirds : RHP Josh Ambrose
|
Batting: RHB Quintin Parker
|
0-0: Called Strike 0-1: Swinging Strike 0-2: DOUBLE (Line Drive, 7LS, EV 91.9 MPH)
|
Batting: RHB Jesus Galvan
|
0-0: Ball 1-0: Ground out 5-3 (Groundball, 56, EV 103.8 MPH)
|
Batting: LHB Jose Carlos
|
0-0: Intentional Walk
|
Batting: RHB Alan Weller
|
0-0: Grounds into double play, 6-4-3 (Groundball, 6, EV 85.0 MPH)
|
Bottom of the 6th over - 0 runs, 1 hit, 0 errors, 1 left on base; Memphis 0 - Lehigh Valley 0 |
TOP OF THE 7TH |
Memphis Redbirds batting - Pitching for Lehigh Valley IronPigs : LHP Phuck II
|
Pinch Hitting: RHB Josh Zoglmann
|
0-0: Called Strike 0-1: Ball 1-1: Ground out 4-3 (Groundball, 4, EV 83.8 MPH)
|
Batting: RHB Dan Boykins
|
0-0: Ball 1-0: Foul Ball, location: 2F 1-1: Swinging Strike 1-2: Ball 2-2: Ball 3-2: Foul Ball, location: 2F 3-2: Reached on error, E6 (Groundball, 6, EV 108.8 MPH)
|
Pitching: RHP Marcos Tapia
|
|
Batting: SHB Luke Robbins
|
0-0: Ball 1-0: Ball 2-0: Ball 3-0: Base on Balls Dan Boykins to second
|
Batting: RHB Trevor Mock
|
0-0: Called Strike 0-1: Ball 1-1: Foul Ball, location: 2F 1-2: Ball 2-2: Ball 3-2: Foul Ball, location: 2F 3-2: Fly out, F8 (Flyball, 78S, EV 92.5 MPH)
|
Batting: RHB Danny Gallo
|
0-0: Foul Ball, location: 2F 0-1: Ground out U3 (Groundball, 34S, EV 85.0 MPH)
|
Top of the 7th over - 0 runs, 0 hits, 1 error, 2 left on base; Memphis 0 - Lehigh Valley 0 |
BOTTOM OF THE 7TH |
Lehigh Valley IronPigs batting - Pitching for Memphis Redbirds : RHP Josh Ambrose
|
Now at 2B: Luke Robbins
|
|
Now at SS: Josh Zoglmann
|
|
Batting: RHB Moritake Fukumoto
|
0-0: Ball 1-0: Called Strike 1-1: Foul Ball, location: 2F 1-2: Ball 2-2: Strikes out looking
|
Batting: SHB Benjamin Brown
|
0-0: Ball 1-0: Ball 2-0: Ball 3-0: Swinging Strike 3-1: Swinging Strike 3-2: Strikes out swinging
|
Batting: SHB Bob Dixon
|
0-0: Ball 1-0: Ground out U3 (Groundball, 3L, EV 90.6 MPH)
|
Bottom of the 7th over - 0 runs, 0 hits, 0 errors, 0 left on base; Memphis 0 - Lehigh Valley 0 |
TOP OF THE 8TH |
Memphis Redbirds batting - Pitching for Lehigh Valley IronPigs : RHP Marcos Tapia
|
Pitching: LHP Wil Diaz
|
|
Batting: LHB Billy Guzman
|
0-0: Ball 1-0: Foul Ball, location: 2F 1-1: Ball 2-1: Swinging Strike 2-2: Foul Ball, location: 2F 2-2: Ground out 5-3 (Groundball, 56, EV 85.6 MPH)
|
Batting: RHB Dave Cluster
|
0-0: Foul Ball, location: 2F 0-1: Ball 1-1: Ball 2-1: SINGLE (Groundball, 6MD, EV 105.0 MPH)
|
Batting: LHB Ronnie Ashley
|
0-0: Ball 1-0: Called Strike Pickoff Throw by Catcher to First - Out! 1-1: Ball 2-1: Foul Ball, location: 2F 2-2: Strikes out swinging
|
Top of the 8th over - 0 runs, 1 hit, 0 errors, 0 left on base; Memphis 0 - Lehigh Valley 0 |
BOTTOM OF THE 8TH |
Lehigh Valley IronPigs batting - Pitching for Memphis Redbirds : RHP Josh Ambrose
|
Batting: RHB Joe Smack
|
0-0: Ground out 5-3 (Groundball, 56S, EV 78.1 MPH)
|
Pitching: RHP Luis Herrera
|
|
Batting: RHB Alberto Ramirez
|
0-0: Ball 1-0: Called Strike 1-1: Called Strike 1-2: Ground out 5-3 (Groundball, 5S, EV 80.6 MPH)
|
Batting: RHB Quintin Parker
|
0-0: Called Strike 0-1: Foul Ball, location: 2F 0-2: Ball 1-2: Foul Ball, location: 2F 1-2: Foul Ball, location: 2F 1-2: Ground out 6-3 (Groundball, 6S, EV 70.6 MPH)
|
Bottom of the 8th over - 0 runs, 0 hits, 0 errors, 0 left on base; Memphis 0 - Lehigh Valley 0 |
TOP OF THE 9TH |
Memphis Redbirds batting - Pitching for Lehigh Valley IronPigs : LHP Wil Diaz
|
Pitching: RHP Chris Perteet
|
|
Batting: LHB Frank Hill
|
0-0: Called Strike 0-1: Ball 1-1: SOLO HOME RUN (Flyball, 9D, EV 103.8 MPH), Distance : 405 ft
|
Batting: RHB Josh Zoglmann
|
0-0: Ball 1-0: Fly out, F3 (Popup, 3, EV 66.2 MPH)
|
Batting: RHB Dan Boykins
|
0-0: Ball 1-0: Called Strike 1-1: Ball 2-1: Ball 3-1: Ground out U3 (Groundball, 34, EV 100.0 MPH)
|
Batting: SHB Luke Robbins
|
0-0: Ball 1-0: Called Strike 1-1: Ball 2-1: SOLO HOME RUN (Flyball, 7D, EV 95.0 MPH), Distance : 382 ft
|
Batting: RHB Trevor Mock
|
0-0: Ball 1-0: SINGLE (Line Drive, 78M, EV 94.4 MPH)
|
Batting: RHB Danny Gallo
|
0-0: Ball 1-0: Fly out, F8 (Line Drive, 8RM, EV 88.1 MPH)
|
Top of the 9th over - 2 runs, 3 hits, 0 errors, 1 left on base; Memphis 2 - Lehigh Valley 0 |
BOTTOM OF THE 9TH |
Lehigh Valley IronPigs batting - Pitching for Memphis Redbirds : RHP Luis Herrera
|
Pitching: RHP Parker Warr
|
|
Batting: RHB Jesus Galvan
|
0-0: Ball 1-0: Foul Ball, location: 2F 1-1: Foul Ball, location: 2F 1-2: Ball 2-2: Ground out 6-3 (Groundball, 6, EV 85.6 MPH)
|
Batting: LHB Jose Carlos
|
0-0: Ball 1-0: Swinging Strike 1-1: Ball 2-1: Foul Ball, location: 2F 2-2: Strikes out swinging
|
Batting: RHB Alan Weller
|
0-0: Fly out, F9 (Flyball, 9S, EV 80.0 MPH)
|
Bottom of the 9th over - 0 runs, 0 hits, 0 errors, 0 left on base; Memphis 2 - Lehigh Valley 0 |
|